 Dungeon Crawl Stone Soup version 0.27-a0-607-g1ad3dbde53 (webtiles) character file.

Game seed: 14166674673354733404

111 Allula97 the Covered (level 4, -17/35 HPs)
             Began as a Demonspawn Fighter on Mar 13, 2021.
             Demolished by an ogre
             ... wielding a +0 giant club
              (23 damage)
             ... on level 4 of the Dungeon.
             The game lasted 00:01:57 (1251 turns).

Allula97 the Covered (Demonspawn Fighter)           Turns: 1251, Time: 00:01:58

Health: -17/35     AC:  9    Str: 17    XL:     4   Next: 62%
Magic:  0/4        EV:  7    Int: 10    God:
Gold:   27         SH:  0    Dex: 12    Spells: 3/3 levels left

rFire    . . .     SeeInvis .   a - +0 war axe
rCold    . . .     Faith    .   (no shield)
rNeg     . . .     Spirit   +   j - +0 chain mail
rPois    .         Reflect  .   (no helmet)
rElec    .         Harm     .   (no cloak)
rCorr    .         Rampage  .   (no gloves)
Will     .....                  (no boots)
Stlth    ..........             (no amulet)
HPRegen  0.11/turn              (no ring)
MPRegen  0.18/turn              (no ring)

@: no status effects
A: magic shield, magic regeneration
a: no special abilities


You were on level 4 of the Dungeon.
You visited 1 branch of the dungeon, and saw 3 of its levels.

You collected 27 gold pieces.

Inventory:

Hand Weapons
 a - a +0 war axe (weapon)
Armour
 b - a +0 scale mail
 c - a +0 kite shield
 j - a +0 chain mail (worn)
Scrolls
 d - a scroll of random uselessness {unknown}
 e - a scroll of enchant weapon {unknown}
 g - a scroll of teleportation {unknown}
 h - a scroll of fog {unknown}
 i - 2 scrolls of noise {unknown}
Potions
 f - a potion of degeneration {unknown}


   Skills:
 * Level 3.3 Fighting
 * Level 3.1 Axes
 * Level 3.4 Armour
 * Level 1.4 Dodging
 - Level 2.6 Shields


You had 3 spell levels left.
You didn't know any spells.
Your spell library was empty.

Dungeon Overview and Level Annotations

Branches:
Dungeon (2/15)

Altars:


Innate Abilities, Weirdness & Mutations

When hurt, damage is shared between your health and your magic reserves.
You regenerate magic rapidly.


Message History

You slash the worm!
The worm is severely wounded.
The worm bites you.
You slash the worm!
You kill the worm!
You see here a +0 club.
You hit the dart slug.
The dart slug is heavily wounded.
The dart slug barely misses you.
You hit the dart slug.
The dart slug is almost dead.
An ogre comes into view. It is wielding a +0 giant club.
The dart slug launches a dart at you.
The slug dart hits you but does no damage.
The ogre moves out of view.
You slash the dart slug!
You kill the dart slug!
The ogre shouts!
You hear a shout!
You hear an angry hiss.
Items here: )) [ †.
Okay, then.
Sorry, you're not good enough to have a special ability.
Okay, then.
You hit the ogre.
The ogre is lightly wounded.
An orc comes into view. It is wielding a +0 flail.
The ogre hits you but does no damage.
You hit the ogre.
The ogre is moderately wounded.
The ogre hits you with a +0 giant club!
* * * LOW HITPOINT WARNING * * *
You hit the ogre but do no damage.
The ogre is moderately wounded.
The ogre closely misses you.
A ball python comes into view.
Your chain mail prevents you from hitting the ogre.
The ogre is moderately wounded.
The ball python hisses angrily.
The ogre hits you with a +0 giant club!!
Ouch! That really hurt!
You die...

. .# . .
w.## $.#.
.... ...#
#...# #..###
.....#
#..#.#[##..#
#.o#S##...#
#..#)....#
##.O@....#
#######.# ..
##


You could see an ogre, an orc and a ball python.

Vanquished Creatures
  A bullfrog skeleton (D:4)
  A hound skeleton (D:4)
  3 gnolls (D:2)
  2 worms
  A dart slug (D:4)
  2 leopard geckos (D:1)
  3 orcs (D:4)
  3 giant cockroaches (D:1)
  2 goblins
  3 hobgoblins
  3 jackals (D:2)
  A kobold (D:1)
  A bat (D:1)
  A frilled lizard (D:1)
27 creatures vanquished.

Notes
Turn   | Place    | Note
-------+----------+-------------------------------------------
     0 | D:1      | Allula97 the Demonspawn Fighter began the quest for the
                  | Orb.
     0 | D:1      | Reached XP level 1. HP: 18/18 MP: 1/1
   260 | D:1      | Gained mutation: You regenerate magic rapidly. [demonic
                  | ancestry]
   260 | D:1      | Reached XP level 2. HP: 18/24 MP: 2/2
  1084 | D:2      | Reached XP level 3. HP: 29/29 MP: 3/3
  1086 | D:2      | Reached skill level 1 in Dodging
  1220 | D:2      | You fall into a shaft and drop 2 floors!
  1234 | D:4      | Gained mutation: When hurt, damage is shared between your
                  | health and your magic reserves. [demonic ancestry]
  1234 | D:4      | Reached XP level 4. HP: 27/35 MP: 4/4
  1244 | D:4      | Noticed an ogre
  1251 | D:4      | Demolished by an ogre

Illustrated notes

Levels and vault maps discovered:
D:1:      wander_arrival_estate, layout_basic
D:2:      layout_basic, chequers_serial_rivers_micro_b, uniq_jessica
D:4:      layout_loops_ring, marbit_many_paths,
          minmay_temple_entry_purple_smoke, hangedman_decor_points,
          minmay_ruined_shrine, uniq_blork_the_orc

Skill      XL: |  1  2  3  4 |
---------------+-------------+-----
Axes           | 2 3 |  3.1
Armour         | 3 |  3.4
Dodging        | 1 |  1.4
Fighting       | |  3.3
Shields        | |  2.6

Action                   |  1- 3 |  4- 6 || total
-------------------------+-------+-------++-------
Melee: War axe           |    65 |    13 ||    78
  Use: Potion            |     1 |       ||     1
Armor: Scale mail        |    29 |       ||    29
       Chain mail        |    22 |     2 ||    24
Dodge: Dodged            |    38 |     3 ||    41

Table legend: (Time is in decaauts)
 A = Elapsed time spent in this place.
 B = Non-inter-level travel time spent in this place.
 C = Inter-level travel time spent in this place.
 D = Time resting spent in this place.
 E = Time spent auto-exploring this place.
 F = Levels seen in this place.
 G = Mean time per level.
                   A        B        C        D        E       F      G
               +--------+--------+--------+--------+--------+-----+--------+
         Total |   1280 |   1277 |      3 |      0 |    991 |   3 |  426.7 |
       Dungeon |   1280 |   1277 |      3 |      0 |    991 |   3 |  426.7 |
               +--------+--------+--------+--------+--------+-----+--------+

Top non-repeatable levels by time:
     D:1: 1089 daAuts
     D:2: 150 daAuts
     D:4: 39 daAuts
